 Dungeon Crawl Stone Soup version 0.26.1-11-gd32895ea62 (webtiles) character file.

Game seed: 14203789808794149032

1721 jlumianski the Grasshopper (level 9, 0/69 HPs)
             Began as a Gnoll Warper on June 24, 2021.
             Slain by an orc warrior
             ... wielding a +0 war axe
              (5 damage)
             ... on level 8 of the Dungeon.
             The game lasted 00:28:10 (7249 turns).

jlumianski the Grasshopper (Gnoll Warper)           Turns: 7249, Time: 00:28:10

Health: 0/69       AC:  9    Str: 14    XL:     9   Next: 4%
Magic:  13/18      EV: 15    Int: 18    God:
Gold:   392        SH:  0    Dex: 21    Spells: 13/20 levels left

rFire    . . .     SeeInvis .   H - +2 battleaxe
rCold    . . .     Faith    .   (shield currently unavailable)
rNeg     . . .     Spirit   .   l - +0 ring mail
rPois    +         Reflect  .   f - +1 helmet
rElec    .         Harm     .   N - +0 cloak (curse)
rCorr    .         Rampage  .   (no gloves)
Will     +....                  (no boots)
Stlth    ++........             S - amulet of regeneration
HPRegen  0.61/turn              j - ring of poison resistance
MPRegen  0.16/turn              u - +6 ring of dexterity

@: no status effects
A: distributed training, fangs 1, strong-willed 1, subdued magic 1, strong nose
a: no special abilities


You were on level 8 of the Dungeon.
You visited 2 branches of the dungeon, and saw 9 of its levels.

You collected 453 gold pieces.
You spent 61 gold pieces at shops.

Inventory:

Hand Weapons
 a - a +0 hand axe
 i - a +2 dagger of venom
 B - a +0 trident of venom
 E - a +4 hand axe
 F - a +2 spear of flaming
 H - a +2 battleaxe (weapon)
 O - a +0 war axe
 T - a +3 dagger of draining
 W - a +0 longbow
 X - a +0 broad axe
Missiles
 e - 5 boomerangs of dispersal
 k - 111 stones
 m - 75 sling bullets
 t - 15 poisoned darts (quivered)
 x - 45 bolts
 D - 10 boomerangs
 G - a throwing net
 V - 43 arrows
Armour
 b - a +1 leather armour
 f - a +1 helmet (worn)
 l - a +0 ring mail (worn)
 p - a +0 buckler
 N - a cursed +0 cloak (worn)
Jewellery
 c - an uncursed ring of teleportation
 j - a ring of poison resistance (left hand)
 u - a +6 ring of dexterity (right hand)
 I - an uncursed ring of ice
 K - an uncursed ring of positive energy
 S - an amulet of regeneration (around neck)
Wands
 P - a wand of disintegration (21)
 R - a wand of flame (33)
Scrolls
 d - a scroll of blinking
 g - a scroll of magic mapping {unknown}
 h - 3 scrolls of identify
 o - 2 scrolls of teleportation
 r - 2 scrolls of amnesia {unknown}
 v - a scroll of random uselessness
 y - 4 scrolls of remove curse
 z - a scroll of immolation {unknown}
 A - a scroll of fear {unknown}
 Q - a scroll of vulnerability
Potions
 n - a potion of brilliance {unknown}
 q - a potion of lignification {unknown}
 s - a potion of flight {unknown}
 w - a potion of attraction {unknown}
 C - a potion of cancellation {unknown}
 J - 2 potions of curing
 L - a potion of mutation
 M - a potion of heal wounds {unknown}
 U - a potion of berserk rage {unknown}


   Skills:
 + Level 6.0 Fighting
 + Level 3.8 Short Blades
 + Level 3.8 Long Blades
 + Level 6.0 Axes
 + Level 3.8 Maces & Flails
 + Level 3.8 Polearms
 + Level 3.8 Staves
 + Level 3.8 Slings
 + Level 3.8 Bows
 + Level 3.8 Crossbows
 + Level 4.6 Throwing
 + Level 4.6 Armour
 + Level 6.0 Dodging
 + Level 3.8 Stealth
 + Level 3.8 Shields
 + Level 3.8 Unarmed Combat
 + Level 6.3 Spellcasting
 + Level 3.1 Conjurations
 + Level 3.1 Hexes
 + Level 3.1 Summonings
 + Level 3.1 Necromancy
 + Level 6.3 Translocations
 + Level 3.1 Transmutations
 + Level 3.1 Fire Magic
 + Level 3.1 Ice Magic
 + Level 3.1 Air Magic
 + Level 3.1 Earth Magic
 + Level 3.1 Poison Magic
 + Level 4.2 Invocations
 + Level 3.8 Evocations


You had 13 spell levels left.
You knew the following spells:

 Your Spells              Type           Power        Failure   Level
a - Blink                 Tloc           N/A          1%          2
b - Gell's Gravitas       Tloc           11%          3%          3
c - Call Imp              Summ           13%          7%          2

Your spell library contained the following spells:

 Spells                   Type           Power        Failure   Level
 Lesser Beckoning         Tloc           11%          3%          3
 Teleport Other           Tloc           22%          3%          3
 Magic Dart               Conj           52%          4%          1
 Summon Small Mammal      Summ           52%          4%          1
 Slow                     Hex            13%          7%          2
 Passage of Golubria      Tloc           N/A          13%         4
 Call Canine Familiar     Summ           13%          16%         3
 Conjure Flame            Conj/Fire      13%          16%         3
 Mephitic Cloud           Conj/Pois/Air  13%          16%         3
 Summon Guardian Golem    Hex/Summ       13%          16%         3
 Summon Ice Beast         Ice/Summ       13%          47%         4
 Summon Lightning Spire   Summ/Air       13%          47%         4


Dungeon Overview and Level Annotations

Branches:
Dungeon (8/15)             Temple (1/1) D:4
   Lair: D:8-11

Altars:
Ashenzari
Cheibriados
Dithmenos
Elyvilon
Fedhas
Gozag
Hepliaklqana
Kikubaaqudgha
Nemelex Xobeh
Okawaru
Qazlal
Ru
Sif Muna
Trog
Vehumet
Wu Jian
Yredelemnul
The Shining One

Shops:
D:4 (

Annotations:
D:3 3 runed translucent doors, oc3rt's ghost, amateur KoHu


Innate Abilities, Weirdness & Mutations

Your experience applies equally to all skills.
You have very sharp teeth.
Your uncanny sense of smell can sniff out nearby items.
You are strong-willed. (Will+)
Your spells are a little easier to cast, but a little less powerful.


Message History

Your crimson imp blinks!
Your shadow imp barely misses the orc warrior.
Your magical contamination has completely faded away.
You hit the orc warrior.
The orc warrior is almost dead.
The orc warrior hits you with a +0 war axe!
* * * LOW HITPOINT WARNING * * *
The orc warrior closely misses your shadow imp.
Your shadow imp barely misses the orc warrior.
You closely miss the orc warrior.
You bite the orc warrior, but do no damage.
The orc warrior is almost dead.
The orc warrior hits you with a +0 war axe!
* * * LOW HITPOINT WARNING * * *
The orc warrior closely misses your shadow imp.
Your shadow imp hits the orc warrior but does no damage.
Your shadow imp hits the orc warrior.
The orc warrior barely misses your shadow imp.
The orc warrior hits you with a +0 war axe.
You die...

∆ .# ..
.#..#
#######.#..
#......... .
#.......# .#
#.......#..#
#...o)......
#..5@)...#
#..†.....#∆
#..<...5.#
########.# ∆
.. #.


You could see an orc warrior, a friendly crimson imp (summoned) and a friendly
shadow imp (summoned).

Vanquished Creatures
  Prince Ribbit (D:7)
  Duvessa (D:6)
  A phantom (D:7)
  5 ogres
  2 bullfrogs (D:5)
  A scorpion (D:4)
  A hound (D:4)
  4 orc priests
  A centaur zombie (D:5)
  4 orc wizards
  An iguana (D:8)
  4 worker ants
  A killer bee zombie (D:6)
  A worker ant zombie (D:6)
  A howler monkey zombie (D:2)
  2 adders (D:3)
  7 gnolls (D:4)
  An ufetubus (D:6)
  An ooze (D:5)
  An adder zombie (D:7)
  3 worms
  3 dart slugs
  7 leopard geckos
  29 orcs
  7 bats
  A giant cockroach (D:3)
  8 goblins
  7 hobgoblins
  3 jackals (D:4)
  4 kobolds
  3 quokkas
  A ball python (D:3)
  5 frilled lizards
  5 rats
127 creatures vanquished.

Vanquished Creatures (collateral kills)
  A phantom (D:6)
  Dowan (D:6)
2 creatures vanquished.

Grand Total: 129 creatures vanquished

Notes
Turn   | Place    | Note
-------+----------+-------------------------------------------
     0 | D:1      | jlumianski the Gnoll Warper began the quest for the Orb.
     0 | D:1      | Reached XP level 1. HP: 20/20 MP: 6/6
   148 | D:1      | Reached XP level 2. HP: 18/26 MP: 7/7
   288 | D:1      | Learned a level 2 spell: Blink
   646 | D:1      | Reached XP level 3. HP: 31/31 MP: 9/9
   650 | D:1      | Learned a level 3 spell: Gell's Gravitas
   889 | D:1      | Reached skill level 5 in Spellcasting
  1165 | D:2      | Found a white marble altar of Elyvilon.
  1296 | D:2      | Found an ancient bone altar of Kikubaaqudgha.
  1310 | D:2      | Found an iron altar of Okawaru.
  1498 | D:2      | Reached skill level 1 in Invocations
  1553 | D:2      | Reached skill level 1 in Short Blades
  1553 | D:2      | Reached skill level 1 in Long Blades
  1553 | D:2      | Reached skill level 1 in Maces & Flails
  1553 | D:2      | Reached skill level 1 in Polearms
  1553 | D:2      | Reached skill level 1 in Staves
  1553 | D:2      | Reached skill level 1 in Slings
  1553 | D:2      | Reached skill level 1 in Bows
  1553 | D:2      | Reached skill level 1 in Crossbows
  1553 | D:2      | Reached skill level 1 in Stealth
  1553 | D:2      | Reached skill level 1 in Shields
  1553 | D:2      | Reached skill level 1 in Unarmed Combat
  1553 | D:2      | Reached skill level 1 in Evocations
  1751 | D:3      | Reached XP level 4. HP: 38/38 MP: 3/11
  1754 | D:3      | Reached skill level 1 in Conjurations
  1754 | D:3      | Reached skill level 1 in Hexes
  1754 | D:3      | Reached skill level 1 in Summonings
  1754 | D:3      | Reached skill level 1 in Necromancy
  1754 | D:3      | Reached skill level 1 in Transmutations
  1754 | D:3      | Reached skill level 1 in Fire Magic
  1754 | D:3      | Reached skill level 1 in Ice Magic
  1754 | D:3      | Reached skill level 1 in Air Magic
  1754 | D:3      | Reached skill level 1 in Earth Magic
  1754 | D:3      | Reached skill level 1 in Poison Magic
  2108 | D:3      | Reached XP level 5. HP: 43/43 MP: 12/12
  2131 | D:3      | Gained mutation: Your spells are a little easier to cast,
                  | but a little less powerful. [potion of mutation]
  2131 | D:3      | Gained mutation: You are strong-willed. (Will+) [potion of
                  | mutation]
  2598 | D:3      | Found a runed translucent gate.
  2598 | D:3      | Found a runed translucent gate.
  2598 | D:3      | Found a runed translucent gate.
  2599 | D:3      | Found an opulent altar of Gozag.
  2600 | D:3      | Noticed oc3rt's ghost (amateur KoHu)
  2693 | D:3      | Found an opulent altar of Gozag.
  2794 | D:4      | Found Juph's Weapon Boutique.
  2805 | D:4      | Bought 11 poisoned darts for 61 gold pieces
  3121 | D:4      | Reached XP level 6. HP: 50/50 MP: 13/13
  3186 | D:4      | Reached skill level 5 in Fighting
  3186 | D:4      | Reached skill level 5 in Axes
  3186 | D:4      | Reached skill level 5 in Dodging
  3202 | D:4      | Found a staircase to the Ecumenical Temple.
  3209 | Temple   | Entered the Ecumenical Temple
  3812 | D:4      | Reached XP level 7. HP: 54/56 MP: 11/15
  4176 | D:5      | Entered Level 5 of the Dungeon
  5388 | D:5      | Found a sparkling altar of Nemelex Xobeh.
  5636 | D:5      | Reached XP level 8. HP: 46/63 MP: 16/16
  5870 | D:6      | Learned a level 2 spell: Call Imp
  6511 | D:6      | Noticed Duvessa
  6512 | D:6      | Noticed Dowan
  6519 | D:6      | Killed Duvessa
  6523 | D:6      | Killed Dowan
  6526 | D:6      | Found a sparkling altar of Nemelex Xobeh.
  6838 | D:7      | Noticed Prince Ribbit
  6850 | D:7      | Killed Prince Ribbit
  7032 | D:7      | Reached XP level 9. HP: 63/69 MP: 18/18
  7249 | D:8      | Slain by an orc warrior

Illustrated notes

Levels and vault maps discovered:
D:1:      amcnicky_arrival_blooded_trapdoor, layout_loops_ring
D:2:      layout_rooms, elyvilon_altar_3, amethyst_overflow_temple_binary
D:3:      layout_rooms, ebering_ghost_gozag, grunt_gozag_breadcrumbs
D:4:      layout_loops_ring, minmay_temple_entry_butterflies, serial_shops,
          shop_fountains
D:5:      layout_layer_cave, nemelex_dance_club_becter
D:6:      layout_rooms, nemelex_altar_shiori, uniq_duvessa
D:7:      layout_cave_pools, uniq_prince_ribbit1
D:8:      erik_cavepeople, layout_loops_cross, due_lair_maze_entry_diamond
Temple:   eino_narrow_crystal_temple

Skill      XL: |  1  2  3  4  5  6  7  8 |
---------------+-------------------------+-----
Spellcasting   | 5 6 |  6.3
Invocations    | 1 2 3 4 |  4.2
Short Blades   | 1 2 3 |  3.8
Long Blades    | 1 2 3 |  3.8
Maces & Flails | 1 2 3 |  3.8
Polearms       | 1 2 3 |  3.8
Staves         | 1 2 3 |  3.8
Slings         | 1 2 3 |  3.8
Bows           | 1 2 3 |  3.8
Crossbows      | 1 2 3 |  3.8
Stealth        | 1 2 3 |  3.8
Shields        | 1 2 3 |  3.8
Unarmed Combat | 1 2 3 |  3.8
Evocations     | 1 2 3 |  3.8
Conjurations   | 1 2 3 |  3.1
Hexes          | 1 2 3 |  3.1
Summonings     | 1 2 3 |  3.1
Necromancy     | 1 2 3 |  3.1
Transmutations | 1 2 3 |  3.1
Fire Magic     | 1 2 3 |  3.1
Ice Magic      | 1 2 3 |  3.1
Air Magic      | 1 2 3 |  3.1
Earth Magic    | 1 2 3 |  3.1
Poison Magic   | 1 2 3 |  3.1
Throwing       | 3 4 |  4.6
Armour         | 3 4 |  4.6
Fighting       | 5 6 |  6.0
Axes           | 5 6 |  6.0
Dodging        | 5 6 |  6.0
Translocations | 6 |  6.3

Action                   |  1- 3 |  4- 6 |  7- 9 || total
-------------------------+-------+-------+-------++-------
Melee: Hand axe          |    93 |   108 |    72 ||   273
       Bite              |     1 |    16 |    25 ||    42
       Punch             |     1 |       |     1 ||     2
       Battleaxe         |       |       |    81 ||    81
Throw: Dart              |     2 |    13 |    16 ||    31
       Boomerang         |       |     4 |       ||     4
 Cast: Gell's Gravitas   |     2 |    13 |     4 ||    19
       Blink             |       |     3 |     3 ||     6
       Call Imp          |       |       |    14 ||    14
  Use: Scroll            |     2 |     5 |     6 ||    13
       Potion            |       |     3 |       ||     3
 Stab: Sleeping          |     1 |       |     3 ||     4
       Distracted        |       |       |     1 ||     1
Armor: Leather armour    |    22 |     8 |       ||    30
       Ring mail         |       |     8 |    50 ||    58
Dodge: Dodged            |    78 |    84 |   140 ||   302
